 Dungeon Crawl Stone Soup version 0.24-a0-184-gcb5ae2c (webtiles) character file.

Game seed: 10037599499639464497

185 Dfrag the Firebug (level 5, 0/35 HPs)
             Began as a Demonspawn Fire Elementalist on Mar 15, 2019.
             Slain by an ogre
             ... wielding a +0 giant spiked club
              (28 damage)
             ... on level 4 of the Dungeon.
             The game lasted 00:03:39 (2431 turns).

Dfrag the Firebug (Demonspawn Fire Elementalist)    Turns: 2431, Time: 00:03:39

Health: 0/35       AC:  7    Str:  8    XL:     5   Next: 37%
Magic:  6/10       EV: 11    Int: 18    God:
Gold:   255        SH:  4    Dex: 13    Spells: 2/10 levels left

rFire    . . .     SeeInvis .   e - +0 short sword
rCold    . . .     Gourm    .   (no shield)
rNeg     . . .     Faith    .   d - +3 leather armour
rPois    .         Spirit   .   (helmet restricted)
rElec    .         Reflect  .   (no cloak)
rCorr    .         Harm     .   s - +0 pair of gloves
MR       .....                  (no boots)
Stlth    ++........             (no amulet)
HPRegen  0.11/turn              h - +3 ring of slaying
MPRegen  0.12/turn              (no ring)

@: very slightly contaminated
A: horns 1, large bone plates 1, powered by death 1
a: no special abilities


You were on level 4 of the Dungeon.
You were hungry.

You visited 1 branch of the dungeon, and saw 4 of its levels.

You collected 255 gold pieces.

Inventory:

Hand Weapons
 e - a +0 short sword (weapon)
Armour
 a - a +0 robe
 d - a +3 leather armour (worn)
 s - a +0 pair of gloves (worn)
Jewellery
 h - a +3 ring of slaying (left hand)
Wands
 k - a wand of enslavement (5)
Scrolls
 b - 3 scrolls of teleportation {unknown}
 f - 3 scrolls of identify {unknown}
 i - 2 scrolls of amnesia {unknown}
 j - a scroll of blinking {unknown}
 m - a scroll of immolation {unknown}
 n - 3 scrolls of remove curse {unknown}
 p - a scroll of enchant weapon {unknown}
 t - a scroll of noise {unknown}
 v - a scroll of fog {unknown}
Potions
 g - 2 potions of might {unknown}
 l - a potion of curing {unknown}
 o - 3 potions of heal wounds {unknown}
 q - 2 potions of brilliance {unknown}
 r - a potion of haste {unknown}
 u - a potion of resistance {unknown}
Comestibles
 c - 4 rations


   Skills:
 - Level 1.7 Dodging
 - Level 1.7 Stealth
 + Level 3.4 Spellcasting
 + Level 3.0 Conjurations
 + Level 3.9 Fire Magic


You had 2 spell levels left.
You knew the following spells:

 Your Spells              Type           Power        Failure   Level  Hunger
a - Flame Tongue          Conj/Fire      ###..        5%          1    None
b - Conjure Flame         Conj/Fire      ###.....     16%         3    ###....
c - Sticky Flame          Conj/Fire      ###.....     47%         4    ####...

Your spell library contained the following spells:

 Spells                   Type           Power        Failure   Level  Hunger
 Throw Flame              Conj/Fire      ###...       9%          2    ##.....
 Inner Flame              Hex/Fire       ##......     30%         3    ###....
 Fireball                 Conj/Fire      ###.......   83%         5    ######.


Dungeon Overview and Level Annotations

Branches:
Dungeon (4/15)
 Temple: D:4-7

Altars:

Annotations:
D:3 Purgy


Innate Abilities, Weirdness & Mutations

You have a pair of small horns on your head.
You are partially covered in large bone plates. (SH +4)
You regenerate a little health from kills.


Message History

You block the worker ant's attack.
Casting: Conjure Flame (safe; 16% risk of failure)
Confirm with . or Enter, or press ? or * to list all spells.
The spell is very dangerous to cast (47% risk of failure)!
Continue anyway? [Y]es or [N]o only, please.
The spell is very dangerous to cast (47% risk of failure)!
Continue anyway?
Okay, then.
Unknown command.
Casting: Sticky Flame (very dangerous; 47% risk of failure)
Confirm with . or Enter, or press ? or * to list all spells.
The spell is very dangerous to cast (47% risk of failure)!
Continue anyway?
Aiming: Sticky Flame (very dangerous; 47% risk of failure)
Press: ? - help, Shift-Dir - straight line, f - ogre
Aim: an ogre, wielding a +0 giant spiked club You miscast Sticky Flame.
You are very lightly contaminated with residual magic.
Your skin tingles.
The ogre hits you with a +0 giant spiked club!!
Ouch! That really hurt!
You die...

............
...........#.###
..........#...## #
# #........#....#..
.#o#........#......
..................
.#.o.....###...#
.........a@....#
....##...O<...##
### .
######....####.#
##.....#..###
#..........###
###<.##......#
#........###
#...!..#.#
#.......####


You could see an ogre, a worker ant and an orc (wandering).

Vanquished Creatures
  2 orc priests (D:3)
  A bullfrog skeleton (D:4)
  3 adders
  2 oozes
  A worm (D:2)
  2 dart slugs (D:2)
  7 orcs (D:3)
  3 giant cockroaches (D:1)
  4 goblins
  3 hobgoblins
  9 kobolds
  A quokka (D:3)
  A ball python (D:1)
  6 bats
  6 frilled lizards
  10 rats
61 creatures vanquished.

Notes
Turn   | Place    | Note
-------+----------+-------------------------------------------
     0 | D:1      | Dfrag the Demonspawn Fire Elementalist began the quest for
                  | the Orb.
     0 | D:1      | Reached XP level 1. HP: 13/13 MP: 3/3
   254 | D:1      | Gained mutation: You have a pair of small horns on your
                  | head. [demonic ancestry]
   254 | D:1      | Reached XP level 2. HP: 19/19 MP: 0/5
  1012 | D:2      | Gained mutation: You are partially covered in large bone
                  | plates. (SH +4) [demonic ancestry]
  1012 | D:2      | Reached XP level 3. HP: 24/24 MP: 2/6
  1789 | D:3      | Gained mutation: You regenerate a little health from kills.
                  | [demonic ancestry]
  1789 | D:3      | Reached XP level 4. HP: 20/30 MP: 1/8
  1956 | D:3      | Learned a level 3 spell: Conjure Flame
  1961 | D:3      | Learned a level 4 spell: Sticky Flame
  2036 | D:3      | Reached XP level 5. HP: 34/35 MP: 4/9
  2283 | D:3      | Noticed Purgy
  2368 | D:4      | Noticed an ogre
  2368 | D:4      | Noticed an ogre
  2423 | D:4      | Noticed an ogre
  2431 | D:4      | Slain by an ogre

Levels and vault maps discovered:
D:1:      dpeg_cavernosity, layout_basic, minmay_misc_feat_x,
          chequers_serial_rivers_small_b
D:2:      layout_basic
D:3:      layout_loops_ring, grunt_gozag_statues, first_ration, uniq_purgy
D:4:      layout_cave_pools, serial_shops, kennysheep_mini,
          gup_sewer_entry_spiral

Skill      XL: |  1  2  3  4  5 |
---------------+----------------+-----
Fire Magic     | 3 |  3.9
Conjurations   | 2 3 |  3.0
Spellcasting   | 3 |  3.4
Dodging        | |  1.7
Stealth        | |  1.7

Action                   |  1- 3 |  4- 6 || total
-------------------------+-------+-------++-------
Melee: Unarmed           |     8 |       ||     8
       Short sword       |    57 |    27 ||    84
       Headbutt          |     5 |     6 ||    11
 Cast: Flame Tongue      |    52 |    31 ||    83
       Conjure Flame     |       |     2 ||     2
 Stab: Sleeping          |       |     2 ||     2
  Eat: Chunk             |     3 |     2 ||     5
Armor: Leather armour    |    30 |    15 ||    45
Dodge: Dodged            |    58 |    17 ||    75
Block: Other             |    12 |     6 ||    18

Table legend:
 A = Non-vault XP
 B = Vault XP
 C = Vault XP percentage of total XP
 D = Non-vault monster count
 E = Vault monster count
 F = Vault count percentage of total count
                 A         B        C        D         E       F
            +---------+---------+-------+---------+---------+-------
      Total |     259 |       6 |   2.3 |      57 |       4 |   6.6
            +---------+---------+-------+---------+---------+-------
        D:1 |      32 |       6 |  15.8 |      20 |       4 |  16.7
        D:2 |      33 |       0 |   0.0 |       8 |       0 |   0.0
        D:3 |     157 |       0 |   0.0 |      28 |       0 |   0.0
        D:4 |      37 |       0 |   0.0 |       1 |       0 |   0.0
            +---------+---------+-------+---------+---------+-------
